 Dungeon Crawl Stone Soup version bcrawl-1.21.2-28-g2cb1824106 (webtiles) character file.

Game seed: 11927121147611194149

11939 Freyura the Basher (level 11, -3/69 HPs)
             Began as a Gargoyle Fighter on Mar 23, 2020.
             Was a Priest of Ashenzari.
             Killed by divine providence
             ... invoked by an orc priest
              (11 damage)
             ... on level 10 of the Dungeon on Mar 24, 2020.
             The game lasted 00:37:46 (9578 turns).

Freyura the Basher (Gargoyle Fighter)               Turns: 9578, Time: 00:37:46

Health: -3/69      AC: 27    Str: 22    XL:     11   Next: 85%
Magic:  0/13       EV: 15    Int: 10    God:    Ashenzari [***...]
Gold:   664        SH: 12    Dex: 12    Spells: 10/10 levels left

rFire    + + .     SeeInvis +   j - +0 morningstar (curse)
rCold    + . .     Gourm    .   c - +0 medium shield (curse)
rNeg     + . .     Faith    .   A - +0 steam dragon scales (curse)
rPois    ∞         Spirit   +   (no helmet)
rElec    +         Reflect  .   r - +3 cloak of Protective Custody {rF++} (curse)
rCorr    +         Harm     .   f - +2 pair of gloves {Str+3} (curse)
MR       .....                  y - +1 pair of boots (curse)
Stlth    +.........             B - amulet of guardian spirit (curse)
HPRegen  0.21/turn              v - ring of resist corrosion
MPRegen  0.13/turn              s - +2 ring of slaying (curse)

@: no status effects
A: thin metallic scales 1, cold resistance 1, negative energy resistance 1,
electricity resistance, unbreathing, petrification resistance, rot immunity, AC
+8
a: Curse Item, Scrying, Renounce Religion


You were on level 10 of the Dungeon.
You worshipped Ashenzari.
Ashenzari was most pleased with you.
You were not hungry.

You visited 1 branch of the dungeon, and saw 10 of its levels.
You also visited: Sewer.

You collected 664 gold pieces.

Inventory:

Hand Weapons
 j - a cursed +0 morningstar (weapon)
 m - the cursed +7 mace of Variability {chain chaos}
   (You found it on level 8 of the Dungeon)

   Each time it hits an enemy it has a different, random effect.
   It has a curse placed upon it.
 G - the +5 scythe "Finisher" {speed, eviscerate}
   (You found it on level 10 of the Dungeon)

   Attacks with this weapon are significantly faster.
Armour
 c - a cursed +0 medium shield (worn)
 f - a cursed +2 pair of gloves of strength (worn)
 r - the cursed +3 cloak of Protective Custody (worn) {rF++}
   (You found it on level 6 of the Dungeon)

   It greatly protects you from fire.
   It has a curse placed upon it.
 y - a cursed +1 pair of boots (worn)
 A - cursed +0 steam dragon scales (worn)
Jewellery
 a - an uncursed ring of protection from magic
 o - an uncursed ring of protection from cold
 s - a cursed +2 ring of slaying (right hand)
 v - a ring of resist corrosion (left hand)
 B - a cursed amulet of guardian spirit (around neck)
Wands
 q - a wand of flame (17)
 z - a wand of digging (10)
 C - a wand of polymorph (8)
Scrolls
 b - a scroll of fear
 g - 6 scrolls of teleportation
 i - 2 scrolls of blinking
 l - 2 scrolls of magic mapping
 n - 2 scrolls of fog
 p - 6 scrolls of remove curse
 D - a scroll of immolation {unknown}
 E - a scroll of amnesia
 F - a scroll of identify
Potions
 d - 3 potions of flight
 h - a potion of mutation
 k - 6 potions of haste
 t - a potion of resistance
 u - a potion of heal wounds
 w - a potion of cancellation {unknown}
 x - 2 potions of agility {unknown}
Comestibles
 e - 22 rations {!d}


   Skills:
 + Level 8.9 Fighting
 * Level 10.7(13.4) Maces & Flails
 + Level 8.8 Armour
 + Level 6.0(7.9) Dodging
 + Level 8.9(10.7) Shields
 + Level 2.9(4.5) Evocations


You had 10 spell levels left.
You didn't know any spells.
Your spell library was empty.

Dungeon Overview and Level Annotations

Branches:
Dungeon (10/12)            Temple (0/1) D:7            Lair (0/6) D:9
    Orc: D:8-11

Altars:
Ashenzari
Kikubaaqudgha
Lugonu
Nemelex Xobeh
Okawaru
Qazlal
Trog
Uskayaw
Xom
The Shining One

Shops:
D:9 }*!%

Annotations:
D:7 2 transporters


Innate Abilities, Weirdness & Mutations

You are resistant to torment.
Your stone body is resilient. (AC +8)
You are immune to poison.
You resist negative energy. (rN+)
You are resistant to electric shocks. (rElec)
You can survive without breathing.
You are immune to petrification.
You are immune to rotting.
You are partially covered in thin metallic scales. (AC +2)
Your flesh is cold resistant. (rC+)


Message History

The centaur warrior is almost dead.
The centaur warrior hits you but does no damage.
You closely miss the centaur warrior.
The centaur warrior is almost dead.
You block the centaur warrior's attack.
The orc priest calls down the wrath of Beogh upon you.
Beogh smites you!
* * * LOW HITPOINT WARNING * * *
You puncture the centaur warrior!
You kill the centaur warrior!
Your base Dodging skill increases to level 6!
You barely miss the orc warrior. You block the orc warrior's attack.
You hit the orc warrior but do no damage.
The orc warrior hits you with a +0 long sword.
* * * LOW HITPOINT WARNING * * *
You hit the orc warrior.
The orc warrior is moderately wounded.
The orc priest mumbles some strange prayers to Beogh against you.
Beogh smites you!
You die...

,,##.#####.####........#
* .......(.......#####.#*
* ,,,...####.######## * *
* #.# , ,* * #.# *,, * *
##########.## ,.
#.....#.....## ######...*
** ,
#....>#..#...####o.......
,
#.......#.....)@oh......(
, ,
#.....####..#.###........
#>....# ##...# ######...
* ####### ##.## * . , **
#.# , * , #.# * , * *#.#
,, * *, * #. * * * * , ,


You could see an orc warrior, an orc priest and a jackal.

Vanquished Creatures
  A hydra (D:10)
  A centaur warrior (D:10)
  Erica (D:8)
  3 death yaks (D:9)
  Pikel (D:5)
  2 ugly things (D:10)
  A gargoyle (D:7)
  A troll (D:7)
  A hippogriff (D:7)
  A wyvern (D:8)
  4 wraiths (D:10)
  A yak (D:8)
  A steam dragon (D:6)
  2 chaos spawn (D:8)
  Duvessa (D:5)
  A crocodile (D:6)
  A water moccasin (D:7)
  2 porcupines (D:9)
  2 orc warriors
  4 sky beasts
  Purgy (Sewer)
  A necrophage (D:8)
  3 centaurs
  4 ogres
  A phantom (D:8)
  3 bullfrogs
  2 big kobolds
  Dowan (D:5)
  6 killer bees (D:7)
  4 scorpions
  A howler monkey (D:5)
  6 crimson imps
  A centaur zombie (D:4)
  A quasit (D:7)
  5 jellies
  3 centaur skeletons
  6 orc priests
  8 hounds
  18 orc wizards
  A bullfrog skeleton (D:8)
  6 iguanas
  A hell rat (D:9)
  3 worker ants
  A killer bee zombie (D:4)
  A hound zombie (D:5)
  A howler monkey zombie (D:8)
  13 adders
  3 gnolls (D:7)
  A river rat (D:9)
  2 shadow imps
  5 oozes (D:9)
  An adder skeleton (D:5)
  An adder zombie (D:4)
  5 worms
  4 dart slugs
  9 leopard geckos
  31 orcs
  3 ball pythons
  5 giant cockroaches
  4 goblins
  5 hobgoblins
  4 jackals (D:3)
  7 quokkas
  5 bats
  9 frilled lizards
  A jackal skeleton (D:5)
  18 kobolds
  4 rats
261 creatures vanquished.

Vanquished Creatures (others)
  An ice beast (D:8)
  A bullfrog skeleton (D:5)
  An adder (D:5)
  A shadow imp (D:5)
  An orc (D:5)
  5 plants (D:9)
10 creatures vanquished.

Grand Total: 271 creatures vanquished

Notes
Turn   | Place    | Note
-------+----------+-------------------------------------------
     0 | D:1      | Freyura the Gargoyle Fighter began the quest for the Orb.
     0 | D:1      | Reached XP level 1. HP: 14/14 MP: 1/1
   219 | D:1      | Reached XP level 2. HP: 13/19 MP: 2/2
   715 | D:2      | Reached XP level 3. HP: 23/23 MP: 3/3
   873 | D:2      | Found a shattered altar of Ashenzari.
  1158 | D:2      | Became a worshipper of Ashenzari the Shackled
  1315 | D:2      | Found a bloodstained altar of Trog.
  1848 | D:3      | Reached XP level 4. HP: 29/29 MP: 4/4
  1854 | D:3      | Reached skill level 3 in Maces & Flails
  1885 | D:3      | Reached skill level 1 in Dodging
  1983 | D:3      | Found a faded altar of an unknown god.
  2640 | D:3      | Reached * piety under Ashenzari
  2744 | D:4      | Found a glowing drain.
  2808 | Sewer    | Entered a sewer
  2954 | Sewer    | Noticed Purgy
  2971 | Sewer    | Killed Purgy
  2971 | Sewer    | Reached XP level 5. HP: 16/33 MP: 5/5
  3224 | D:4      | Reached XP level 6. HP: 34/38 MP: 6/6
  3269 | D:4      | Reached skill level 4 in Maces & Flails
  3694 | D:4      | Reached XP level 7. HP: 41/44 MP: 7/7
  4097 | D:4      | Reached skill level 5 in Maces & Flails
  4276 | D:4      | Reached skill level 5 in Shields
  4353 | D:4      | Reached skill level 5 in Fighting
  4733 | D:5      | Entered Level 5 of the Dungeon
  4748 | D:5      | Reached skill level 5 in Armour
  4748 | D:5      | Reached XP level 8. HP: 49/49 MP: 8/8
  4758 | D:5      | Noticed Pikel
  4765 | D:5      | Killed Pikel
  4765 | D:5      | Reached skill level 6 in Maces & Flails
  4874 | D:5      | Noticed Duvessa
  4874 | D:5      | Noticed Dowan
  4890 | D:5      | Killed Duvessa
  4896 | D:5      | Killed Dowan
  5585 | D:5      | Found a sparkling altar of Nemelex Xobeh.
  5598 | D:5      | Gained mutation: You are partially covered in thin metallic
                  | scales. (AC +2) [potion of mutation]
  5598 | D:5      | Gained mutation: Your flesh is cold resistant. (rC+)
                  | [potion of mutation]
  5649 | D:6      | Reached XP level 9. HP: 49/55 MP: 9/9
  5729 | D:6      | Reached skill level 7 in Maces & Flails
  5897 | D:6      | Got the uncursed cloak of Protective Custody {rF++}
  5903 | D:6      | Identified the +3 cloak of Protective Custody {rF++} (You
                  | found it on level 6 of the Dungeon)
  6033 | D:6      | Found a hide-covered altar of Uskayaw.
  6354 | D:7      | Noticed a troll
  6364 | D:7      | Killed a troll
  6398 | D:7      | Reached ** piety under Ashenzari
  6452 | D:7      | Found a transporter.
  6457 | D:7      | Noticed a kobold demonologist
  6470 | D:7      | Found a glowing golden altar of the Shining One.
  6481 | D:7      | Reached skill level 8 in Maces & Flails
  6504 | D:7      | Found a staircase to the Ecumenical Temple.
  6567 | D:7      | Reached XP level 10. HP: 37/63 MP: 10/10
  6617 | D:7      | Noticed a gargoyle
  6642 | D:7      | Killed a gargoyle
  6852 | D:7      | Found a stormy altar of Qazlal.
  7041 | D:7      | Found a transporter.
  7163 | D:7      | Found a corrupted altar of Lugonu.
  7211 | D:8      | Noticed Erica
  7228 | D:8      | Killed Erica
  7228 | D:8      | Reached skill level 9 in Maces & Flails
  7295 | D:8      | Found the +7 mace of Variability {chain chaos}
  7296 | D:8      | Found a shimmering altar of Xom.
  7340 | D:8      | Reached skill level 5 in Dodging
  7395 | D:8      | Found an iron altar of Okawaru.
  7781 | D:8      | Found an ancient bone altar of Kikubaaqudgha.
  7826 | D:8      | Found a sparkling altar of Nemelex Xobeh.
  8431 | D:9      | Found Kearph's Food Shoppe.
  8459 | D:9      | Noticed a death yak
  8467 | D:9      | Noticed a death yak
  8469 | D:9      | Noticed a death yak
  8529 | D:9      | Killed a death yak
  8529 | D:9      | Reached skill level 1 in Evocations
  8529 | D:9      | Reached XP level 11. HP: 42/68 MP: 4/11
  8534 | D:9      | Killed a death yak
  8534 | D:9      | Reached skill level 10 in Maces & Flails
  8550 | D:9      | Killed a death yak
  8816 | D:9      | Found a staircase to the Lair.
  9060 | D:9      | Reached *** piety under Ashenzari
  9099 | D:9      | Found Fiedahe's Assorted Antiques.
  9120 | D:9      | Found Sehalima's Distillery.
  9271 | D:9      | Found Vuddaan's Gadget Boutique.
  9293 | D:10     | Entered Level 10 of the Dungeon
  9304 | D:10     | Noticed a green ugly thing
  9316 | D:10     | Killed a green ugly thing
  9347 | D:10     | Noticed a purple ugly thing
  9362 | D:10     | Killed a purple ugly thing
  9413 | D:10     | Found the +5 scythe "Finisher" {speed, eviscerate}
  9542 | D:10     | Noticed a seven-headed hydra
  9543 | D:10     | Noticed a centaur warrior
  9565 | D:10     | Killed a seven-headed hydra
  9575 | D:10     | Killed a centaur warrior
  9578 | D:10     | Killed from afar by an orc priest

Skill      XL: |  1  2  3  4  5  6  7  8  9 10 11 |
---------------+----------------------------------+-----
Maces & Flails | 3 4 5 6 8 9 10 | 10.7
Dodging        | 1 2 3 4 5 6 |  6.0
Fighting       | 4 5 7 8 |  8.9
Armour         | 4 5 6 8 |  8.8
Shields        | 4 5 6 7 8 |  8.9
Evocations     | 1 2 |  2.9

Action                   |  1- 3 |  4- 6 |  7- 9 | 10-12 || total
-------------------------+-------+-------+-------+-------++-------
Melee: Flail             |   152 |   145 |       |       ||   297
       Morningstar       |       |    74 |   356 |   519 ||   949
Invok: Curse Item        |     3 |     1 |     2 |     4 ||    10
  Use: Scroll            |       |    11 |     6 |       ||    17
       Potion            |       |     1 |     1 |     4 ||     6
 Stab: Sleeping          |     2 |     3 |     2 |     1 ||     8
       Distracted        |       |       |       |     1 ||     1
  Eat: Chunk             |     3 |     6 |     7 |    11 ||    27
       Ration            |       |       |     1 |       ||     1
Armor: Scale mail        |    93 |   150 |   111 |       ||   354
       Chain mail        |       |       |    87 |       ||    87
       Steam dragon scal |       |       |    76 |   232 ||   308
Dodge: Dodged            |    44 |    83 |   182 |   231 ||   540
Block: Medium shield     |    83 |   123 |   242 |   291 ||   739
